 Dungeon Crawl Stone Soup version 0.30.0-19-g36f170ea60 (webtiles) character file.

Game seed: 4355720295453494165

333 cheesebisquit the Trooper (level 6, -17/56 HPs)
             Began as a Ghoul Monk on May 30, 2023.
             Demolished by an ogre
             ... wielding a +0 giant club
              (27 damage)
             ... on level 4 of the Dungeon.
             The game lasted 00:08:15 (2419 turns).

cheesebisquit the Trooper (Ghoul Monk)              Turns: 2419, Time: 00:08:16

Health: -17/56     AC:  2    Str: 17    XL:     6   Next: 53%
Magic:  5/5        EV: 12    Int:  5    God:
Gold:   188        SH:  0    Dex: 11    Spells: 5/5 levels left

rFire   . .          .
                       - Unarmed
rCold   + . .        (no shield)
rNeg    + + +        a - +0 robe
rPois   ∞            (no helmet)
rElec   .            (no cloak)
rCorr   .            (no gloves)
SInv    .            (no boots)
Will    .....        (no amulet)
Stlth   +            (no ring)
HPRegen 0.00/turn    (no ring)
MPRegen 0.09/turn

%: no passive effects
@: confused, ambrosia-drunk, inhibited regen
A: claws 1, cold resistance 1, negative energy resistance 3, inhibited
regeneration, torment resistance 2, devour on kill
a: no special abilities


You were on level 4 of the Dungeon.
You visited 1 branch of the dungeon, and saw 6 of its levels.

You collected 188 gold pieces.

Inventory:

Missiles
 b - 2 boomerangs (quivered)
Armour
 a - a +0 robe (worn)
 c - an orb of light
Scrolls
 e - a scroll of blinking {unknown}
 f - a scroll of magic mapping {unknown}
 g - 2 scrolls of immolation
 i - a scroll of identify
 l - 2 scrolls of enchant armour {unknown}
Potions
 d - a potion of ambrosia


   Skills:
 + Level 5.5 Fighting
 - Level 2.6 Dodging
 + Level 3.5 Stealth
 - Level 5.3 Unarmed Combat


You had 5 spell levels left.
You didn't know any spells.
Your spell library contained the following spells:

 Spells                   Type           Power      Damage    Failure   Level
 Necrotise                Necr           0%         1d4       47%         1
 Vampiric Draining        Necr           0%         2d6       85%         3
 Agony                    Necr           0%         N/A       100%        5


Dungeon Overview and Level Annotations

Branches:
Dungeon (6/15)             Temple (0/1) D:6

Altars:
Gozag
Qazlal
Xom


Innate Abilities, Weirdness & Mutations

You are immune to poison.
You have sharp fingernails.
Your flesh is cold resistant. (rC+)
You are immune to negative energy. (rN+++)
You do not regenerate when monsters are visible.
You are immune to unholy pain and torment.
You thrive by killing the living.


Message History

You throw a boomerang. The boomerang hits the ogre.
The ogre is lightly wounded.
You throw a boomerang. The boomerang hits the ogre.
The ogre is lightly wounded.
You throw a boomerang. The boomerang barely misses the ogre.
You throw a boomerang.
The boomerang hits the ogre but does no damage.
The ogre is lightly wounded.
You barely miss the ogre.
The ogre is lightly wounded.
The ogre barely misses you.
You completely miss the ogre.
The ogre is lightly wounded.
You barely miss the ogre.
The ogre is lightly wounded.
The ogre misses you.
You barely miss the ogre.
The ogre is lightly wounded.
You scratch the ogre.
The ogre is lightly wounded.
The ogre closely misses you.
You scratch the ogre.
The ogre is moderately wounded.
The ogre closely misses you.
You barely miss the ogre. You claw the ogre.
The ogre is moderately wounded.
You scratch the ogre.
The ogre is heavily wounded.
The ogre hits you with a +0 giant club!!
Ouch! That really hurt!
You are confused.
You feel invigorated.
You scratch the ogre.
The ogre is heavily wounded.
The ogre hits you with a +0 giant club!!
Ouch! That really hurt!
* * * LOW HITPOINT WARNING * * *
You bump into the rock wall.
The ogre hits you with a +0 giant club!!
You die...

#.# #.#
#.# #.#
#.# #.#
#.# #
#>##.###..
#.@O......
####.###..
#


You could see an ogre.

Vanquished Creatures
  Sigmund (D:5)
  An orc priest (D:6)
  A gnoll (D:2)
  4 adders
  A white imp (D:6)
  A worm (D:3)
  3 dart slugs
  6 orcs
  5 endoplasms
  A giant cockroach (D:1)
  4 goblins
  5 hobgoblins
  14 jackals
  3 quokkas
  4 ball pythons
  14 bats
  6 frilled lizards
  8 kobolds
  4 rats
86 creatures vanquished.

Notes
Turn   | Place    | Note
-------+----------+-------------------------------------------
     0 | D:1      | cheesebisquit the Ghoul Monk began the quest for the Orb.
     0 | D:1      | Reached XP level 1. HP: 19/19 MP: 0/0
    68 | D:1      | Reached XP level 2. HP: 24/26 MP: 1/1
   275 | D:1      | Reached XP level 3. HP: 32/33 MP: 2/2
  1092 | D:2      | Reached XP level 4. HP: 40/40 MP: 3/3
  1331 | D:2      | Reached skill level 5 in Unarmed Combat
  1907 | D:3      | You fall into a shaft and drop 3 floors!
  1929 | D:6      | Noticed a kobold brigand
  1930 | D:6      | Reached XP level 5. HP: 47/47 MP: 4/4
  1933 | D:6      | Noticed a phantom
  1936 | D:6      | Found a staircase to the Ecumenical Temple.
  1939 | D:6      | Reached skill level 1 in Stealth
  2191 | D:5      | Entered Level 5 of the Dungeon
  2313 | D:5      | Noticed Sigmund
  2320 | D:5      | Killed Sigmund
  2321 | D:5      | Reached skill level 5 in Fighting
  2321 | D:5      | Reached XP level 6. HP: 39/56 MP: 5/5
  2392 | D:5      | Found a shimmering altar of Xom.
  2392 | D:5      | Found a stormy altar of Qazlal.
  2392 | D:5      | Found an opulent altar of Gozag.
  2419 | D:4      | Demolished by an ogre

Illustrated notes

Levels and vault maps discovered:
D:1:      tarquinn_simple_flora_water_f, layout_basic, st_stairs_1,
          feat_on_display
D:2:      minmay_evil_eye, layout_basic
D:3:      layout_basic
D:4:      layout_loops_corners, uniq_blork_the_orc
D:5:      layout_basic, grunt_temple_overflow_open, roderic_lattice_a,
          uniq_sigmund, uniq_pikel, uniq_ijyb, uniq_eustachio
D:6:      minmay_octagon_keep, layout_basic, lemuel_doored_altar, zin_treasury,
          minmay_temple_entry_crystal_x, serial_shops, nicolae_shop_trees,
          minmay_hollow_rounded_squares

Skill      XL: |  1  2  3  4  5 |
---------------+----------------+-----
Unarmed Combat | 4 5 |  5.3
Fighting       | 4 5 |  5.5
Stealth        | 3 |  3.5
Dodging        | |  2.6

Action                     |  1- 3 |  4- 6 || total
---------------------------+-------+-------++-------
  Melee: Unarmed           |    91 |   144 ||   235
         Punch             |       |     2 ||     2
  Throw: Boomerang         |       |     7 ||     7
    Use: Potion            |       |     5 ||     5
         Scroll            |       |     3 ||     3
   Stab: Sleeping          |       |     1 ||     1
 Armour: Robe              |    16 |    27 ||    43
  Dodge: Dodged            |    51 |    87 ||   138
